 Dungeon Crawl Stone Soup version 0.18-a0-750-g37044d6 (webtiles) character file.

84 gorblad the Skirmisher (level 4, -8/37 HPs)
             Began as a Demonspawn Chaos Knight on Dec 11, 2015.
             Mangled by a small abomination (9 damage)
             ... summoned by the capriciousness of Xom
             ... on level 2 of the Dungeon.
             The game lasted 00:03:57 (1617 turns).

gorblad the Skirmisher (Demonspawn Chaos Knight)    Turns: 1617, Time: 00:03:57

Health: -8/37      AC:  7    Str: 13    XL:     4   Next: 24%
Magic:  4/4        EV: 12    Int: 14    God:    Xom [...*..]
Gold:   85         SH:  0    Dex: 12    Spells: 0 memorised, 3 levels left

rFire  . . .     SeeInvis .     a - +0 hand axe (chaos)
rCold  . . .     Clarity  .     b - +2 leather armour
rNeg   . . .     SustAt   .     (no shield)
rPois  .         Gourm    .     (helmet restricted)
rElec  .         Spirit   .     g - +0 cloak
rCorr  .         Dismiss  .     (no gloves)
rMut   .         Stasis   .     d - +0 pair of boots
MR     +....                    (no amulet)
Stlth  +.........               (no ring)
                                (no ring)

@: somewhat resistant to hostile enchantments, very unstealthy
A: antennae 1, blink, magic resistance 1, powered by pain 1
a: Blink, Renounce Religion


You were on level 2 of the Dungeon.
You worshipped Xom.
You were a favourite toy of Xom.
You were not hungry.

You visited 1 branch of the dungeon, and saw 2 of its levels.

You collected 85 gold pieces.

Inventory:

Hand Weapons
 a - a +0 hand axe of chaos (weapon)
Armour
 b - a +2 leather armour (worn)
 d - a +0 pair of boots (worn)
 g - a +0 cloak (worn)
Scrolls
 e - 2 scrolls of identify
Potions
 h - 2 potions of brilliance
Comestibles
 c - a bread ration
 f - 10 chunks of flesh


   Skills:
 + Level 3.7 Fighting
 + Level 3.3 Axes
 + Level 2.4 Armour
 + Level 1.8 Dodging


You had 3 spell levels left.
You didn't know any spells.

Dungeon Overview and Level Annotations

Branches:
Dungeon (2/15)

Altars:


Innate Abilities, Weirdness & Mutations

You have a pair of small antennae on your head.
You sometimes gain a little power by taking damage.
You can translocate small distances at will.
You are resistant to hostile enchantments.


Message History

The small abomination barely misses your butterfly.
The small abomination barely misses your butterfly.
The small abomination completely misses your butterfly.
The small abomination closely misses your butterfly.
The small abomination closely misses your butterfly.
The small abomination hits your butterfly!
Your butterfly dies!
Your butterfly disappears in a puff of smoke!
The small abomination closely misses your butterfly.
You see here a giant newt skeleton.
Your butterfly disappears in a puff of smoke!
You see here a giant newt skeleton.
You barely miss the small abomination.
The small abomination is moderately damaged.
The small abomination hits you!
* * * LOW HITPOINT WARNING * * *
You closely miss the small abomination.
The small abomination is moderately damaged.
The small abomination hits you!
You die...

####### #....#
#.....# #.##.#
#.....# #.##.##.#
#.....# #.......#
#.....# ##x###### .
#.....# #.# .##
###.###### #.# ..# #
#......# #b# #.#.#
######@# #.# ##.#.
#####x###.# ....
####....x..b.#
#.######........#####
##........##.##..#
...######........#
##.# #.#.###.##
######## ##.# #.#.#
#.# #......# ##.#
#.... ..#
#.####.#####


You could see 2 small abominations.

Vanquished Creatures
  An adder (D:2)
  3 gnolls (D:2)
  An ooze (D:2)
  A worm (D:2)
  4 giant cockroaches (D:1)
  4 goblins
  5 hobgoblins
  3 quokkas (D:2)
  5 bats
  A giant gecko (D:2)
  4 giant newts
  A jackal (D:2)
  4 kobolds
  8 rats
45 creatures vanquished.

Notes
Turn   | Place    | Note
--------------------------------------------------------------
     0 | D:1      | gorblad the Demonspawn Chaos Knight began the quest for the Orb.
     0 | D:1      | Reached XP level 1. HP: 18/18 MP: 1/1
    30 | D:1      | Reached skill level 1 in Dodging
   234 | D:1      | Gained mutation: You have a pair of small antennae on your head. [demonic ancestry]
   234 | D:1      | Reached XP level 2. HP: 22/24 MP: 2/2
   415 | D:1      | XOM: harmless Hex miscast
   521 | D:1      | Gained mutation: You can translocate small distances at will. [potion of beneficial mutation]
   522 | D:1      | Gained mutation: You are resistant to hostile enchantments. [potion of beneficial mutation]
   551 | D:2      | XOM: polymorph hobgoblin -> jackal
   609 | D:2      | XOM: harmless Necr miscast
   618 | D:2      | Gained mutation: You sometimes gain a little power by taking damage. [demonic ancestry]
   618 | D:2      | Reached XP level 3. HP: 9/29 MP: 3/3
   634 | D:2      | XOM: summons 1 hostile demon
   957 | D:2      | XOM: divination: detect items
  1310 | D:2      | Reached XP level 4. HP: 34/36 MP: 4/4
  1587 | D:2      | XOM: medium Summ miscast
  1588 | D:2      | Noticed a small abomination
  1588 | D:2      | Noticed a small abomination
  1590 | D:2      | XOM: butterfly on damage
  1616 | D:2      | HP: 1/37 [small abomination[the capriciousness of Xom] (7)]
  1617 | D:2      | Mangled by a small abomination

Vault maps used:
D:1:      lemuel_arrival_rhombus, moated_statue

Action                   |  1- 3 |  4- 6 || total
-------------------------+-------+-------++-------
Melee: Hand axe          |    95 |    44 ||   139
  Use: Scroll            |     4 |       ||     4
       Potion            |     2 |       ||     2
 Stab: Paralysed         |     3 |       ||     3
       Sleeping          |       |     1 ||     1
  Eat: Chunk             |     1 |     1 ||     2
